Map: Blackpink LE

Players

Zanster - Winner!

  • Race: Zerg Zerg
  • Spawn Location: 1:00

Awers (Hades)

  • Race: Terran Terran
  • Spawn Location: 7:00

Event: IEM Season 12 - Katowice

VOD

Have the link to the VOD?

Description

Time

  • Played on: Feb. 26, 2018, 10:27 a.m.
  • Length: 8:11

All games in this series

Show
View Real Time Build Order
Export as new Build Order

Zanster Zerg - Winner!

Build Orders: Pool First 

Get SALT Encoding   

  12  0:00  Drone  
  13  0:13  Overlord  
  13  0:17  Drone  
  14  0:31  Drone  
  14  0:32  Drone  
  16  0:36  Drone  
  17  0:45  Spawning Pool  
  17  0:48  Drone  
  17  0:58  Drone  
  18  1:09  Extractor  
  17  1:13  Hatchery  
  16  1:31  Zergling x2  
  16  1:32  Queen, Zergling x4  
  21  1:43  Drone  
  22  1:54  Roach Warren  
  21  1:56  Drone  
  22  2:03  Overlord  
  22  2:25  Drone  
  22  2:26  Drone x2  
  25  2:41  Roach x5  
  35  2:47  Overlord  
  34  2:57  Drone  
  34  2:58  Drone  
  35  3:05  Queen  
  35  3:10  Drone x2  
  35  3:11  Drone  
  40  3:18  Drone  
  41  3:23  Drone x3  
  44  3:27  Overlord  
  44  3:33  Drone  
  44  3:37  Lair  
  44  3:45  Overlord  
  44  3:47  Drone  
  44  3:48  Drone  
  46  3:55  Drone x4  
  48  3:59  Ravager  
  46  4:04  Drone  
  46  4:07  Queen  
  46  4:08  Extractor  
  46  4:09  Extractor  
  47  4:11  Drone x2  
  47  4:16  Drone x3  
  52  4:23  Drone  
  53  4:29  Hatchery  
  52  4:35  Extractor  
  52  4:36  Spore Crawler  
  52  4:37  Spore Crawler  
  49  4:42  Queen  
  49  4:45  Drone  
  52  4:47  Overlord  
  52  4:52  Overseer  
  51  4:54  Drone  
  51  4:55  Overlord  
  52  5:02  Drone, Spire  
  52  5:05  Drone  
  52  5:06  Drone  
  54  5:08  Drone  
  54  5:12  Overseer  
  54  5:13  Drone  
  56  5:16  Drone  
  56  5:17  Drone  
  58  5:24  Roach x2  
  58  5:26  Roach  
  64  5:30  Overlord  
  64  5:32  Overlord  
  64  5:37  Drone  
  65  5:44  Overlord  
  65  5:48  Glial Reconstitution  
  66  5:50  Drone x4  
  66  5:51  Drone  
  66  5:53  Drone  
  66  5:56  Drone x2  
  73  5:58  Drone  
  73  5:59  Drone  
  73  6:03  Drone  
  73  6:04  Drone  
  77  6:06  Drone  
  77  6:07  Drone  
  77  6:08  Drone  
  79  6:12  Spore Crawler  
  78  6:21  Mutalisk x4  
  78  6:23  Mutalisk  
  89  6:25  Mutalisk  
  89  6:30  Mutalisk  
  89  6:31  Overlord  
  93  6:35  Mutalisk x2  
  93  6:38  Overlord  
  97  6:46  Overlord  
  97  6:50  Overlord  
  97  6:53  Overlord  
  97  6:59  Drone x6  
  97  7:00  Extractor  
  102  7:02  Roach  
  102  7:03  Roach x3  
  102  7:05  Roach  
  112  7:10  Roach x2  
  116  7:16  Roach x5  
  126  7:26  Overlord  
  126  7:29  Roach x6  
  138  7:38  Overlord  
  138  7:41  Overlord  
  138  7:42  Overlord  
Show
View Real Time Build Order
Export as new Build Order

Awers Terran 

Build Orders: Reaper Expand 

Get SALT Encoding   

  12  0:00  SCV  
  13  0:12  SCV  
  14  0:17  Supply Depot  
  14  0:24  SCV  
  15  0:39  SCV  
  15  0:40  Barracks  
  16  0:44  Refinery  
  16  0:51  SCV  
  17  1:03  SCV  
  18  1:15  SCV  
  19  1:28  Reaper, Orbital Command  
  20  1:40  Command Center  
  20  1:48  Supply Depot  
  20  1:54  SCV  
  21  2:01  Marine  
  21  2:05  Factory  
  22  2:10  SCV  
  23  2:19  Refinery  
  23  2:22  Barracks Reactor, SCV  
  24  2:34  SCV  
  25  2:46  SCV  
  26  2:53  Orbital Command  
  26  2:56  Starport  
  26  2:58  SCV  
  26  3:06  Hellion  
  26  3:07  Hellion  
  26  3:10  SCV  
  31  3:15  Barracks Tech Lab  
  31  3:22  SCV  
  31  3:26  Bunker  
  32  3:28  Widow Mine x2  
  32  3:31  SCV  
  37  3:38  SCV  
  37  3:40  Banshee  
  41  3:43  SCV  
  42  3:59  Hellion x2  
  46  4:08  Supply Depot  
  46  4:09  Supply Depot  
  46  4:11  Cloaking Field  
  46  4:29  SCV x2, Banshee  
  51  4:41  SCV x2  
  51  4:42  Command Center  
  53  4:51  Armory x2  
  52  4:53  SCV x2  
  52  4:57  Refinery  
  52  4:59  Refinery  
  54  5:06  SCV x2  
  56  5:12  Banshee  
  59  5:15  Supply Depot  
  59  5:18  SCV x2  
  61  5:22  Factory  
  61  5:30  SCV  
  62  5:36  Supply Depot, SCV  
  62  5:39  Supply Depot  
  62  5:42  SCV  
  64  5:45  Factory  
  64  5:47  Terran Vehicle And Ship Armor Level 1  
  64  5:48  SCV  
  65  5:54  SCV  
  66  5:58  Barracks Tech Lab  
  66  6:01  SCV, Orbital Command  
  64  6:04  Starport Reactor  
  64  6:07  SCV  
  63  6:12  Terran Vehicle Weapons Level 1  
  63  6:13  SCV  
  61  6:19  SCV  
  61  6:20  Thor  
  61  6:25  SCV  
  69  6:27  Supply Depot  
  69  6:31  SCV  
  70  6:36  Thor  
  70  6:37  SCV, Hellion x2  
  81  6:43  SCV  
  81  6:44  Medivac  
  58  6:47  Orbital Command  
  84  6:49  SCV  
  85  6:55  SCV, Medivac  
  85  6:56  Refinery  
  85  6:57  Thor  
  85  6:58  Refinery  
  85  6:59  Supply Depot  
  88  7:01  SCV  
  88  7:04  Cyclone  
  88  7:07  SCV  
  93  7:13  SCV  
  93  7:14  SCV  
  92  7:19  SCV  
  92  7:22  Engineering Bay  
  91  7:25  SCV, Engineering Bay  
  91  7:26  SCV  
  91  7:39  SCV  

Tags
 
Add a new tag
Caveats
  • Supply blocks, unpowered buildings, or Contaminate may cause inaccurate times.
  • Supply counts are checked every 10 seconds.